 Dungeon Crawl Stone Soup version 0.31-a0-826-ga5cc291a1b (webtiles) character file.

Game seed: 17444427206898142564

3791 qw the Skirmisher (level 10, -8/64 HPs)
             Began as a Gargoyle Hunter on Sept 23, 2023.
             Was a Follower of Okawaru.
             Killed by divine providence
             ... invoked by an orc priest
              (12 damage)
             ... on level 9 of the Dungeon.
             The game lasted 00:03:16 (6989 turns).

qw the Skirmisher (Gargoyle Hunter)                 Turns: 6989, Time: 00:03:17

Health: -8/64      AC: 25    Str: 21    XL:     10   Next: 16%
Magic:  11/13      EV: 15    Int: 10    God:    Okawaru [*.....]
Gold:   497        SH:  5    Dex: 17    Spells: 9/9 levels left

rFire   + . .        Y - +0 orcbow
rCold   . . .        (shield currently unavailable)
rNeg    + . .        n - +1 ring mail {rF+}
rPois   inf          k - +2 helmet
rElec   +            e - +2 cloak
rCorr   .            (no gloves)
SInv    .            d - +2 pair of boots
Will    +....        m - amulet of reflection
Stlth   +++          c - ring of willpower
HPRegen 0.30/turn    r - +6 ring of strength
MPRegen 0.13/turn

%: reflection
@: about to teleport, heroic, mesmerised
A: sickness immunity, AC +7, negative energy resistance 1, electricity
resistance, torment resistance 1, petrification resistance
a: Renounce Religion, Heroism


You were on level 9 of the Dungeon.
You worshipped Okawaru.
Okawaru was aware of your devotion.
You visited 1 branch of the dungeon, and saw 9 of its levels.

You collected 497 gold pieces.


Innate Abilities, Weirdness & Mutations

You are immune to sickness and miasma.
Your stone body is resilient. (AC +7)
You are immune to poison.
You resist negative energy. (rN+)
You are resistant to electric shocks. (rElec)
You are resistant to unholy torment.
You are immune to petrification.


   Skills:
 - Level 8.1(13.1) Fighting
 + Level 11.3(16.3) Ranged Weapons
 - Level 4.4(9.4) Armour
 - Level 3.0(8.0) Dodging
 - Level 1.1(6.1) Stealth
 - Level 4.1 Invocations


You had 9 spell levels left.
You didn't know any spells.
Your spell library was empty.

Inventory:

Hand Weapons
 Y - a +0 orcbow (weapon)
Armour
 d - a +2 pair of boots (worn)
 e - a +2 cloak (worn)
 g - a +3 leather armour
 k - a +2 helmet (worn)
 n - a +1 ring mail of fire resistance (worn)
Jewellery
 c - a ring of willpower (left hand)
 h - a ring of fire
 m - an amulet of reflection (around neck)
 r - a +6 ring of strength (right hand)
Wands
 t - a wand of digging (5)
Scrolls
 a - 5 scrolls of identify
 i - a scroll of teleportation
Potions
 b - a potion of cancellation
 f - 6 potions of curing
 j - 2 potions of haste
 l - a potion of resistance
 o - a potion of might

Dungeon Overview and Level Annotations

Branches:
Dungeon (9/15)             Temple (0/1) D:7
   Lair: D:8-11         Orc: D:9-12

Altars:
Dithmenos
Fedhas
Gozag
Makhleb
Nemelex Xobeh
Okawaru
Ru
Vehumet

Shops:
D:1 =   D:2 =   D:6 *

Annotations:
D:7 2 transporters, qw's ghost, novice GrHs
D:9 3 runed translucent doors, Maggie


Message History

You shoot an arrow. The arrow closely misses Maggie.
Maggie hits you but does no damage.
You shoot an arrow. The arrow hits Maggie!
Maggie is heavily wounded.
An orc priest comes into view. It is wielding a +0 mace.
Maggie mumbles some strange words.
Maggie attempts to bespell you!
You are mesmerised by Maggie!
You shoot an arrow. The arrow hits Maggie!
Maggie is severely wounded.
You hear the creaking of a portcullis nearby.
Maggie gestures at you while chanting. The bolt of fire hits you! You resist.
The orc priest mumbles some strange prayers to Beogh against you.
Beogh smites you!
6985 ||| INVOKING Heroism.
You gain the combat prowess of a mighty hero.
An orc comes into view. It is wielding a +0 mace.
You block Maggie's attack.
You shoot an arrow. The arrow closely misses Maggie.
The orc shouts!
You hear a shout!
Maggie gestures at you while chanting. The bolt of fire hits you! You resist.
You shoot an arrow.
The arrow hits Maggie but does no damage.
Maggie is severely wounded.
You shoot an arrow. The arrow hits Maggie!
Maggie is almost dead.
Maggie hits you with a +0 war axe.
The orc priest hits you with a +0 flail.
The orc priest invokes the aid of Beogh against you.
Beogh smites you!
6989 ||| READING 2 scrolls of teleportation.
As you read the scroll of teleportation, it crumbles to dust.
You feel strangely unstable. Maggie completely misses you.
The orc priest invokes the aid of Beogh against you.
Beogh smites you!
You die...

....... .......
....... # ...o...
..#..# #.. ...o...
#.#...###
##..##..$..
..##....####...#o@.#
...#..........##@#
...##.........#..#
....##.......##.###
.....###+++###....#
..................#
#######....#......#
#..........#.....)#
#..........#......#
...........#........


You could see Maggie (mesmerising), 2 orc priests and an orc.

Vanquished Creatures
  A hornet (D:8)
  A wraith (D:7)
  A steam dragon (D:6)
  A sky beast (D:8)
  3 ice beasts
  A black bear (D:6)
  2 ogres
  4 centaurs
  A phantom (D:5)
  A kobold brigand (D:4)
  2 bullfrogs
  A gnoll sergeant (D:7)
  4 scorpions
  5 wights (D:9)
  9 killer bees
  4 jellies
  5 hounds
  8 orc priests
  A gnoll bouda (D:5)
  3 iguanas
  A sleepcap (D:6)
  4 orc wizards
  12 adders
  16 gnolls
  2 river rats (D:3)
  A shadow imp (D:6)
  A white imp (D:6)
  5 worms
  29 orcs
  2 ball pythons (D:1)
  5 endoplasms
  3 giant cockroaches
  7 hobgoblins
  3 jackals (D:4)
  2 quokkas
  4 bats
  3 goblins
  3 kobolds
  4 rats
165 creatures vanquished.

Vanquished Creatures (others)
  A bullfrog (D:8)
1 creature vanquished.

Grand Total: 166 creatures vanquished

Notes
Turn   | Place    | Note
-------+----------+-------------------------------------------
     0 | D:1      | qw the Gargoyle Hunter began the quest for the Orb.
     0 | D:1      | Reached XP level 1. HP: 12/12 MP: 1/1
     0 | D:1      | 0 ||| qw: Version: 0.3-a-83-gcd0e7d8
     0 | D:1      | 0 ||| qw: Game counter: 1840
     0 | D:1      | 0 ||| qw: Melee chars always use a shield: true
     0 | D:1      | 0 ||| qw: God list: Okawaru
     0 | D:1      | 0 ||| qw: Allow faded altars: false
     0 | D:1      | 0 ||| qw: Do Orc after clearing Dungeon:15 true
     0 | D:1      | 0 ||| qw: Do second Lair branch before Depths: true
     0 | D:1      | 0 ||| qw: Lair rune preference: random
     0 | D:1      | 0 ||| qw: Goals: Normal
     0 | D:1      | 0 ||| PLANNING D:1-11
    32 | D:1      | Found Pelevvoo's Jewellery Emporium.
    44 | D:1      | 44 ||| SHOPLISTING amulet of faith (560 gold, have 0).
    44 | D:1      | 44 ||| SHOPLISTING ring of positive energy (280 gold, have
                  | 0).
    44 | D:1      | 44 ||| SHOPLISTING ring of protection from cold (350 gold,
                  | have 0).
   399 | D:1      | Reached XP level 2. HP: 17/17 MP: 2/2
   827 | D:1      | 827 ||| UPGRADING to +2 pair of boots.
   832 | D:1      | 832 ||| UPGRADING to +0 helmet.
   837 | D:1      | 837 ||| READING scroll labelled VUWKIE ME UMUPT.
   840 | D:1      | 840 ||| READING scroll labelled QUWIMILADIU.
   841 | D:1      | 841 ||| READING scroll labelled VOEBUDA GUMOM.
   842 | D:1      | 842 ||| READING scroll labelled ZEEF TIBES.
   843 | D:1      | 843 ||| DRINKING 3 brown potions.
   844 | D:1      | 844 ||| DROPPING scroll of butterflies.
   864 | D:2      | Found Hayloc's Jewellery Shop.
   867 | D:2      | 867 ||| STAIRDANCE
   881 | D:2      | 881 ||| STAIRDANCE
   893 | D:2      | 893 ||| STAIRDANCE
   926 | D:2      | 926 ||| SHOPLISTING +4 ring of slaying (1014 gold, have
                  | 38).
   926 | D:2      | 926 ||| SHOPLISTING +5 ring of evasion (468 gold, have 38).
   926 | D:2      | 926 ||| SHOPLISTING ring of ice (325 gold, have 38).
   926 | D:2      | 926 ||| SHOPLISTING ring of positive energy (260 gold, have
                  | 38).
   926 | D:2      | 926 ||| SHOPLISTING ring of protection from cold (325 gold,
                  | have 38).
   983 | D:2      | Reached XP level 3. HP: 21/21 MP: 3/3
   988 | D:2      | Reached skill level 5 in Ranged Weapons
  1183 | D:2      | Found an iron altar of Okawaru.
  1184 | D:2      | 1184 ||| PLANNING OKAWARU WORSHIP
  1192 | D:2      | Became a worshipper of Warmaster Okawaru
  1193 | D:2      | 1193 ||| PLANNING D:1-11
  1267 | D:2      | Found a faded altar of an unknown god.
  1334 | D:2      | 1334 ||| UPGRADING to +3 leather armour.
  1344 | D:2      | 1344 ||| DROPPING +0 leather armour.
  1345 | D:2      | 1345 ||| READING scroll labelled VEB POIVVE.
  1346 | D:2      | 1346 ||| READING 3 scrolls of identify.
  1346 | D:2      | 1346 ||| IDENTIFYING black potion
  1347 | D:2      | 1347 ||| READING 2 scrolls of identify.
  1347 | D:2      | 1347 ||| IDENTIFYING golden potion
  1362 | D:3      | 1362 ||| PLANNING SEWER
  1661 | D:3      | Found a radiant altar of Vehumet.
  1881 | D:3      | Reached skill level 3 in Fighting
  1900 | D:3      | 1900 ||| FLEEEEING.
  1901 | D:3      | 1901 ||| FLEEEEING.
  1905 | D:3      | 1905 ||| FLEEEEING.
  1906 | D:3      | 1906 ||| FLEEEEING.
  1911 | D:3      | 1911 ||| DRINKING 7 potions of curing.
  1911 | D:3      | 1911 ||| (to cure confusion)
  1912 | D:3      | 1912 ||| DRINKING 6 potions of curing.
  1912 | D:3      | 1912 ||| (to cure confusion)
  1914 | D:3      | 1914 ||| DRINKING 5 potions of curing.
  1914 | D:3      | 1914 ||| (to cure confusion)
  1919 | D:3      | Reached skill level 1 in Armour
  1919 | D:3      | Reached XP level 4. HP: 28/28 MP: 4/4
  1990 | D:3      | Reached XP level 5. HP: 22/32 MP: 5/5
  2043 | D:3      | 2043 ||| RIP SEWER
  2048 | D:3      | 2048 ||| PLANNING D:1-11
  2209 | D:3      | Found an iron altar of Okawaru.
  2209 | D:3      | Found a faded altar of an unknown god.
  2220 | D:3      | Found a burning altar of Makhleb.
  2222 | D:3      | Found a blossoming altar of Fedhas.
  2224 | D:3      | Found a shadowy altar of Dithmenos.
  2380 | D:3      | 2380 ||| UPGRADING to +0 cloak.
  2385 | D:3      | 2385 ||| UPGRADING to ring of willpower.
  2423 | D:4      | Reached skill level 6 in Ranged Weapons
  2479 | D:4      | Reached * piety under Okawaru
  2480 | D:4      | Reached XP level 6. HP: 21/37 MP: 6/6
  2485 | D:4      | 2485 ||| FLEEEEING.
  2487 | D:4      | 2487 ||| FLEEEEING.
  2492 | D:4      | 2492 ||| STAIRDANCE
  2538 | D:3      | 2538 ||| DROPPING ring of magical power.
  2620 | D:4      | 2620 ||| INVOKING Heroism.
  2631 | D:4      | 2631 ||| INVOKING Heroism.
  2718 | D:4      | 2718 ||| INVOKING Heroism.
  2734 | D:4      | 2734 ||| INVOKING Heroism.
  2738 | D:4      | Reached skill level 7 in Ranged Weapons
  2738 | D:4      | Reached XP level 7. HP: 30/44 MP: 3/7
  2836 | D:4      | Found a sacrificial altar of Ru.
  2869 | D:4      | Reached skill level 1 in Invocations
  2893 | D:4      | You fall into a shaft and drop 3 floors!
  2956 | D:7      | Noticed a wraith
  2966 | D:7      | Killed a wraith
  2982 | D:7      | Noticed a vampire mosquito
  2989 | D:7      | 2989 ||| READING 4 scrolls of identify.
  2989 | D:7      | 2989 ||| IDENTIFYING murky emerald potion
  2990 | D:7      | 2990 ||| DROPPING potion of brilliance.
  2996 | D:6      | 2996 ||| INVOKING Heroism.
  3003 | D:6      | Reached skill level 3 in Invocations
  3052 | D:6      | Reached XP level 8. HP: 42/48 MP: 10/10
  3084 | D:6      | Reached ** piety under Okawaru
  3085 | D:6      | Reached skill level 8 in Ranged Weapons
  3116 | D:6      | 3116 ||| READING scroll labelled CEUGGI DAHORGH.
  3215 | D:6      | 3215 ||| FLEEEEING.
  3266 | D:5      | Entered Level 5 of the Dungeon
  3289 | D:5      | 3289 ||| READING 3 scrolls labelled UDDOIJ NEIT JYMU.
  3290 | D:5      | 3290 ||| DROPPING 2 scrolls of blinking.
  3296 | D:5      | 3296 ||| FLEEEEING.
  3297 | D:5      | 3297 ||| STAIRDANCE
  3644 | D:4      | 3644 ||| READING scroll labelled DEZXOC PEAFAEL.
  3645 | D:4      | 3645 ||| READING 3 scrolls of identify.
  3645 | D:4      | 3645 ||| IDENTIFYING murky golden potion
  3666 | D:5      | 3666 ||| INVOKING Heroism.
  3667 | D:5      | 3667 ||| RETREEAATING.
  3688 | D:5      | 3688 ||| FLEEEEING.
  3689 | D:5      | 3689 ||| STAIRDANCE
  3716 | D:5      | 3716 ||| INVOKING Heroism.
  3717 | D:5      | 3717 ||| STAIRDANCE
  3738 | D:5      | 3738 ||| INVOKING Heroism.
  3747 | D:5      | 3747 ||| STAIRDANCE
  3873 | D:5      | Reached skill level 9 in Ranged Weapons
  3923 | D:5      | 3923 ||| INVOKING Heroism.
  3964 | D:5      | 3964 ||| READING 3 scrolls of enchant armour.
  3964 | D:5      | 3964 ||| ENCHANTING +0 helmet.
  3965 | D:5      | 3965 ||| READING 2 scrolls of enchant armour.
  3965 | D:5      | 3965 ||| ENCHANTING +1 helmet.
  3966 | D:5      | 3966 ||| READING scroll of enchant armour.
  3966 | D:5      | 3966 ||| ENCHANTING +0 cloak.
  4178 | D:5      | 4178 ||| INVOKING Heroism.
  4183 | D:5      | Reached skill level 6 in Fighting
  4384 | D:5      | 4384 ||| UPGRADING to amulet of reflection.
  4389 | D:5      | 4389 ||| READING scroll labelled DEFFUW CYEBEA.
  4390 | D:5      | 4390 ||| DRINKING 2 lumpy cyan potions.
  4409 | D:6      | Found Husuoc's Overcharged Wands.
  4414 | D:6      | 4414 ||| SHOPLISTING wand of digging (11) (693 gold, have
                  | 257).
  4444 | D:6      | Reached XP level 9. HP: 55/55 MP: 12/12
  4475 | D:6      | 4475 ||| INVOKING Heroism.
  4478 | D:6      | 4478 ||| Stepping ~*~*~tactically~*~*~ (cloud).
  4655 | D:6      | 4655 ||| INVOKING Heroism.
  4701 | D:6      | 4701 ||| INVOKING Heroism.
  4756 | D:6      | 4756 ||| READING scroll of enchant armour.
  4756 | D:6      | 4756 ||| ENCHANTING +1 cloak.
  4828 | D:6      | 4828 ||| READING 5 scrolls of identify.
  4828 | D:6      | 4828 ||| IDENTIFYING metallic coppery potion
  4844 | D:7      | 4844 ||| INVOKING Heroism.
  4869 | D:7      | Reached skill level 10 in Ranged Weapons
  4878 | D:7      | 4878 ||| INVOKING Heroism.
  4907 | D:7      | Found an opulent altar of Gozag.
  4936 | D:7      | Found a transporter.
  4936 | D:7      | Noticed qw's ghost (novice GrHs)
  4940 | D:7      | Found a transporter.
  4996 | D:7      | Reached skill level 3 in Dodging
  5011 | D:7      | 5011 ||| INVOKING Heroism.
  5082 | D:7      | 5082 ||| INVOKING Heroism.
  5106 | D:7      | 5106 ||| INVOKING Heroism.
  5137 | D:7      | Found a staircase to the Ecumenical Temple.
  5255 | D:7      | 5255 ||| INVOKING Heroism.
  5567 | D:7      | HP: 5/56 [ice beast (13)]
  5568 | D:7      | 5568 ||| READING 3 scrolls of teleportation.
  5569 | D:7      | 5569 ||| DRINKING potion of heal wounds.
  5715 | D:7      | 5715 ||| RETREEAATING.
  5721 | D:7      | 5721 ||| Stepping ~*~*~tactically~*~*~ (retreating).
  5722 | D:7      | 5722 ||| Stepping ~*~*~tactically~*~*~ (retreating).
  5725 | D:7      | 5725 ||| Stepping ~*~*~tactically~*~*~ (retreating).
  5729 | D:7      | 5729 ||| INVOKING Heroism.
  5735 | D:7      | 5735 ||| Stepping ~*~*~tactically~*~*~ (retreating).
  5764 | D:7      | 5764 ||| INVOKING Heroism.
  5850 | D:7      | 5850 ||| SWAPPING to +0 orcbow.
  5851 | D:7      | 5851 ||| DROPPING +1 shortbow.
  6050 | D:7      | 6050 ||| UPGRADING to +1 ring mail of fire resistance.
  6060 | D:7      | 6060 ||| UPGRADING to +6 ring of strength.
  6061 | D:7      | 6061 ||| DRINKING 2 fizzy orange potions.
  6062 | D:7      | 6062 ||| READING 6 scrolls of identify.
  6062 | D:7      | 6062 ||| IDENTIFYING white potion
  6063 | D:7      | 6063 ||| DROPPING potion of invisibility.
  6064 | D:7      | 6064 ||| DROPPING potion of degeneration.
  6110 | D:8      | Reached skill level 3 in Armour
  6234 | D:8      | Reached skill level 11 in Ranged Weapons
  6335 | D:8      | Found a sparkling altar of Nemelex Xobeh.
  6391 | D:8      | 6391 ||| INVOKING Heroism.
  6500 | D:8      | Reached XP level 10. HP: 63/63 MP: 13/13
  6799 | D:8      | 6799 ||| READING scroll labelled DUT ADUTANO.
  6800 | D:8      | 6800 ||| READING 6 scrolls of identify.
  6800 | D:8      | 6800 ||| IDENTIFYING pink potion
  6801 | D:8      | 6801 ||| DROPPING potion of attraction.
  6828 | D:9      | 6828 ||| RETREEAATING.
  6829 | D:9      | 6829 ||| STILL RETREEAATING.
  6830 | D:9      | 6830 ||| Stepping ~*~*~tactically~*~*~ (retreating).
  6831 | D:9      | 6831 ||| Stepping ~*~*~tactically~*~*~ (retreating).
  6835 | D:9      | 6835 ||| INVOKING Heroism.
  6955 | D:9      | Found a runed translucent gate.
  6956 | D:9      | Found a runed translucent gate.
  6957 | D:9      | Found a runed translucent gate.
  6972 | D:9      | Noticed Maggie
  6985 | D:9      | 6985 ||| INVOKING Heroism.
  6988 | D:9      | HP: 16/64 [orc priest/+0 flail (4)]
  6988 | D:9      | HP: 4/64 [orc priest/divine providence (12)]
  6989 | D:9      | 6989 ||| READING 2 scrolls of teleportation.
  6989 | D:9      | Killed from afar by an orc priest

Levels and vault maps discovered:
D:1:      amcnicky_arrival_choice, layout_loops_corners, serial_shops,
          nicolae_shop_tiny_waterfront
D:2:      layout_rooms, serial_shops, nicolae_shop_tiny_glass, basic_altar,
          ebering_ecumenical_altar_sacrificial, kennysheep_nub
D:3:      layout_loops_corners, mainiacjoe_overflow_chevrons,
          chequers_temple_overflow_minitemple, lightli_sewer_entry_pipes
D:4:      layout_cave_pools, mainiacjoe_overflow_surrounded_room
D:5:      layout_loops_ring
D:6:      nicolae_cairo_tiling_large_dashed, layout_rooms,
          nicolae_shop_overcharged_wands
D:7:      layout_basic, nicolae_gozag_seed_capital, minmay_temple_entry_trees,
          gammafunk_ghost_arena, dreamdust_wishing_well
D:8:      layout_basic, pf_just_have_faith, kennysheep_nondescript
D:9:      layout_irregular_city, enter_bailey_3, gammafunk_ghost_icy,
          uniq_erolcha, uniq_maggie

Skill      XL: |  1  2  3  4  5  6  7  8  9 10 |
---------------+-------------------------------+-----
Ranged Weapons | 5 6 7 9 11 | 11.3
Fighting       | 3 4 6 7 8 |  8.1
Armour         | 1 2 4 |  4.4
Invocations    | 3 4 |  4.1
Dodging        | 2 3 |  3.0
Stealth        | |  1.1

Action                     |  1- 3 |  4- 6 |  7- 9 | 10-12 || total
---------------------------+-------+-------+-------+-------++-------
   Fire: Shortbow          |    99 |   142 |   407 |       ||   648
         Orcbow            |       |       |    90 |    67 ||   157
 Invoke: Heroism           |       |     4 |    18 |     2 ||    24
    Use: Scroll            |     7 |       |    13 |     3 ||    23
         Potion            |     4 |       |     3 |       ||     7
 Armour: Leather armour    |    20 |    70 |   126 |       ||   216
         Ring mail         |       |       |    58 |    26 ||    84
  Dodge: Dodged            |    25 |    51 |   191 |    27 ||   294
  Block: Other             |       |       |    44 |    12 ||    56
         Reflection        |       |       |     3 |       ||     3

Table legend:
 A = Non-vault XP
 B = Vault XP
 C = Vault XP percentage of total XP
 D = Non-vault monster count
 E = Vault monster count
 F = Vault count percentage of total count
                 A         B        C        D         E       F
            +---------+---------+-------+---------+---------+-------
      Total |    5306 |     110 |   2.0 |     157 |       9 |   5.4
            +---------+---------+-------+---------+---------+-------
        D:1 |      17 |       0 |   0.0 |      12 |       0 |   0.0
        D:2 |      29 |       0 |   0.0 |       7 |       0 |   0.0
        D:3 |      79 |     110 |  58.2 |      16 |       9 |  36.0
        D:4 |     574 |       0 |   0.0 |      28 |       0 |   0.0
        D:5 |     577 |       0 |   0.0 |      17 |       0 |   0.0
        D:6 |    1086 |       0 |   0.0 |      21 |       0 |   0.0
        D:7 |    1357 |       0 |   0.0 |      29 |       0 |   0.0
        D:8 |    1213 |       0 |   0.0 |      22 |       0 |   0.0
        D:9 |     374 |       0 |   0.0 |       5 |       0 |   0.0
            +---------+---------+-------+---------+---------+-------
